 Dungeon Crawl Stone Soup version 0.23.2-40-g277498a001 (webtiles) character file.

Game seed: 1836055519308463230

478 Acheron the Shield-Bearer (level 7, 0/43 HPs)
             Began as a Gargoyle Fighter on Aug 19, 2019.
             Was a Follower of Okawaru.
             Slain by a centaur (2 damage)
             ... on level 4 of the Dungeon.
             The game lasted 00:11:55 (2401 turns).

Acheron the Shield-Bearer (Gargoyle Fighter)        Turns: 2401, Time: 00:11:56

Health: 0/43       AC: 18    Str: 20    XL:     7   Next: 11%
Magic:  9/9        EV:  8    Int:  9    God:    Okawaru [*.....]
Gold:   126        SH: 10    Dex: 10    Spells: 9/9 levels left

rFire    . . .     SeeInvis .   a - +1 war axe
rCold    . . .     Gourm    +   c - +0 shield
rNeg     + . .     Faith    .   b - +1 scale mail
rPois    ∞         Spirit   .   m - +2 helmet
rElec    +         Reflect  .   (no cloak)
rCorr    .         Harm     .   j - +1 pair of gloves
MR       .....                  (no boots)
Stlth    +.........             k - amulet of the gourmand
HPRegen  0.14/turn              (no ring)
MPRegen  0.11/turn              (no ring)

@: no status effects
A: negative energy resistance 1, electricity resistance, unbreathing,
petrification resistance, rot immunity, AC +4
a: Heroism, Renounce Religion


You were on level 4 of the Dungeon.
You worshipped Okawaru.
Okawaru was aware of your devotion.
You were completely stuffed.

You visited 1 branch of the dungeon, and saw 4 of its levels.
You also visited: Sewer.

You collected 126 gold pieces.

Inventory:

Hand Weapons
 a - a +1 war axe (weapon)
 p - a +0 short sword
 w - a +1 dagger of speed
Missiles
 h - 26 sling bullets
 t - 6 stones (quivered)
Armour
 b - a +1 scale mail (worn)
 c - a +0 shield (worn)
 j - a +1 pair of gloves (worn)
 m - a +2 helmet (worn)
 y - a cursed -1 leather armour
Jewellery
 k - an amulet of the gourmand (around neck)
Scrolls
 e - 2 scrolls of remove curse
 l - 2 scrolls of teleportation
 s - a scroll of blinking
 x - a scroll of amnesia
Potions
 d - 3 potions of might
 g - 2 potions of berserk rage {unknown}
 i - 2 potions of brilliance {unknown}
 n - a potion of ambrosia {unknown}
 o - 2 potions of invisibility {unknown}
 r - a potion of curing {unknown}
 u - a potion of magic {unknown}
 v - a potion of heal wounds {unknown}
Comestibles
 f - 3 rations
 q - 2 chunks of flesh


   Skills:
 * Level 4.2 Fighting
 + Level 3.3 Axes
 * Level 3.8 Armour
 * Level 1.5 Dodging
 * Level 2.4 Stealth
 * Level 5.3 Shields
 * Level 1.7 Spellcasting
 * Level 0.9 Invocations


You had 9 spell levels left.
You didn't know any spells.
Your spell library was empty.

Dungeon Overview and Level Annotations

Branches:
Dungeon (4/15)
 Temple: D:4-7

Altars:
Okawaru


Innate Abilities, Weirdness & Mutations

You are resistant to torment.
Your stone body is resilient. (AC +4)
You are immune to poison.
You resist negative energy. (rN+)
You are resistant to electric shocks. (rElec)
You can survive without breathing.
You are immune to petrification.
You are immune to rotting.


Message History

The centaur barely misses you. You block the centaur's attack.
Your shield and scale mail prevent you from hitting the centaur.
The centaur is almost dead.
The centaur hits you but does no damage.
You block the centaur's attack.
You closely miss the centaur.
The centaur is almost dead.
The centaur hits you.
* * * LOW HITPOINT WARNING * * *
You block the centaur's attack.
You barely miss the centaur.
The centaur is almost dead.
The centaur hits you.
* * * LOW HITPOINT WARNING * * *
You block the centaur's attack.
You hit the centaur.
The centaur is almost dead.
The centaur hits you but does no damage.
The centaur hits you.
You die...

#################
#c@(............#
#)############.##
#(.# #.# #......#
###.# #.......o
#÷#.#
#....###.###<#.#
#....# #.......#
...............#
################


You could see a centaur.

Vanquished Creatures
  2 big kobolds (Sewer)
  An orc priest (D:3)
  3 orc wizards
  6 adders
  2 river rats
  5 oozes
  7 worms
  9 dart slugs
  2 leopard geckos
  5 orcs
  6 bats
  4 giant cockroaches
  6 goblins
  8 hobgoblins
  5 jackals (D:2)
  A quokka (D:3)
  9 ball pythons
  5 frilled lizards
  6 kobolds
  10 rats
102 creatures vanquished.

Notes
Turn   | Place    | Note
-------+----------+-------------------------------------------
     0 | D:1      | Acheron the Gargoyle Fighter began the quest for the Orb.
     0 | D:1      | Reached XP level 1. HP: 14/14 MP: 1/1
    52 | D:1      | Reached XP level 2. HP: 19/19 MP: 2/2
   431 | D:1      | Reached XP level 3. HP: 23/23 MP: 3/3
   663 | D:2      | Reached skill level 4 in Shields
   755 | D:2      | Reached XP level 4. HP: 29/29 MP: 4/4
  1141 | D:2      | Found an iron altar of Okawaru.
  1162 | D:2      | Became a worshipper of Warmaster Okawaru
  1466 | D:3      | Found a glowing drain.
  1473 | D:3      | Reached skill level 1 in Stealth
  1473 | D:3      | Reached XP level 5. HP: 31/33 MP: 6/6
  1487 | Sewer    | Entered a sewer
  1508 | Sewer    | Reached skill level 1 in Dodging
  1573 | Sewer    | Noticed a big kobold
  1587 | Sewer    | Killed a big kobold
  1587 | Sewer    | Reached skill level 1 in Spellcasting
  1587 | Sewer    | Reached XP level 6. HP: 36/38 MP: 7/7
  1885 | Sewer    | Reached * piety under Okawaru
  1885 | Sewer    | Reached skill level 5 in Shields
  2385 | D:4      | Reached XP level 7. HP: 19/43 MP: 9/9
  2400 | D:4      | HP: 2/43 [centaur (5)]
  2401 | D:4      | Slain by a centaur

Skill      XL: |  1  2  3  4  5  6 |
---------------+-------------------+-----
Axes           | 2 3 |  3.3
Shields        | 4 5 |  5.3
Stealth        | 1 2 |  2.4
Dodging        | 1 |  1.5
Fighting       | 4 |  4.2
Spellcasting   | 1 |  1.7
Armour         | |  3.8
Invocations    | |  0.9

Action                   |  1- 3 |  4- 6 |  7- 9 || total
-------------------------+-------+-------+-------++-------
Melee: War axe           |    98 |   280 |    14 ||   392
  Use: Scroll            |       |     8 |       ||     8
  Eat: Chunk             |       |    20 |       ||    20
Armor: Scale mail        |    61 |   149 |     8 ||   218
Dodge: Dodged            |    43 |    93 |     5 ||   141
Block: Shield            |    57 |   155 |    11 ||   223
